 Dungeon Crawl Stone Soup version 0.32-a0-468-g38b2580 (webtiles) character file.

Game seed: 10377314786587632712

2312 Dorkslayer the Poker (level 8, -11/66 HPs)
             Began as a Demigod Fighter on Feb 24, 2024.
             Mangled by an orc warrior
             ... wielding a +0 halberd
              (14 damage)
             ... on level 7 of the Dungeon.
             The game lasted 00:19:15 (5657 turns).

Dorkslayer the Poker (Demigod Fighter)              Turns: 5657, Time: 00:19:15

Health: -11/66     AC: 16    Str: 25    XL:     8   Next: 98%
Magic:  10/10      EV:  8    Int: 13    God:
Gold:   202        SH:  6    Dex: 13    Spells: 7/7 levels left

rFire   + . .        p - +2 spear of Zehojaoc {heavy, Fly Int+3}
rCold   . . .        b - +1 buckler
rNeg    . . .        o - +0 plate armour
rPois   +            f - +0 helmet
rElec   .            g - +0 cloak
rCorr   .            w - +1 pair of gloves
SInv    .            (no boots)
Will    .....        z - amulet of magic regeneration Stlth
                     j - ring of poison resistance
HPRegen 0.31/turn    y - ring of protection from fire
MPRegen 0.52/turn

%: no passive effects
@: flying
A: high MP 1, forlorn, divine attributes
a: no special abilities


You were on level 7 of the Dungeon.
You visited 1 branch of the dungeon, and saw 7 of its levels.
You also visited: Sewer.

You collected 202 gold pieces.

Inventory:

Hand Weapons
 p - the +2 spear of Zehojaoc (weapon) {heavy, Fly Int+3}
   (You found it on level 3 of the Dungeon)

   Int+3:     It affects your intelligence (+3).
   Fly:       It grants you flight.
 A - a +0 morningstar
Missiles
 m - 6 boomerangs (quivered)
 u - 3 javelins
Armour
 b - a +1 buckler (worn)
 f - a +0 helmet (worn)
 g - a +0 cloak (worn)
 o - a +0 plate armour (worn)
 w - a +1 pair of gloves (worn)
Jewellery
 j - a ring of poison resistance (left hand)
 y - a ring of protection from fire (right hand)
 z - an amulet of magic regeneration (around neck)
Talismans
 B - a blade talisman
Wands
 x - a wand of charming (5)
 C - a wand of acid (3)
Scrolls
 c - a scroll of brand weapon {unknown}
 h - a scroll of summoning {unknown}
 l - a scroll of fear
 q - a scroll of teleportation
 r - a scroll of immolation
 s - a scroll of fog
Potions
 d - a potion of enlightenment
 e - 2 potions of haste
 i - 3 potions of curing
 k - a potion of resistance {unknown}
 n - 2 potions of heal wounds {unknown}
 t - 3 potions of mutation


   Skills:
 + Level 4.2 Fighting
 + Level 6.5 Polearms
 + Level 1.3 Throwing
 + Level 4.7 Armour
 + Level 4.3 Dodging
 + Level 0.5 Stealth
 + Level 3.9 Shields
 * Level 4.9 Unarmed Combat
 * Level 0.4 Evocations
 * Level 0.2 Shapeshifting


You had 7 spell levels left.
You didn't know any spells.
Your spell library contained the following spells:

 Spells                   Type           Power      Damage    Failure   Level
 Freeze                   Ice            0%         1d3       99%         1
 Magic Dart               Conj           0%         1d3       99%         1
 Searing Ray              Conj           0%         2d4       100%        2
 Sublimation of Blood     Necr           0%         N/A       100%        2
 Frozen Ramparts          Ice            0%         1d1       100%        3
 Hailstorm                Conj/Ice       0%         3d5       100%        3
 Summon Ice Beast         Ice/Summ       0%         N/A       100%        3
 Fulminant Prism          Conj/Alch      0%         3d5       100%        4
 Petrify                  Alch/Erth      0%         N/A       100%        4
 Irradiate                Conj/Alch      0%         3d11      100%        5
 Summon Mana Viper        Hex/Summ       0%         N/A       100%        5
 Monstrous Menagerie      Summ           0%         N/A       100%        7


Dungeon Overview and Level Annotations

Branches:
Dungeon (7/15)             Temple (0/1) D:5           Sewer (visited)


Innate Abilities, Weirdness & Mutations

You have an increased reservoir of magic. (+10% MP)
You shall have no god before yourself.
Your divine heritage dramatically boosts your attributes as you level up.


Message History

You reach to attack!
You hit the orc warrior.
The orc warrior is severely wounded.
The orc warrior hits you from afar with a +0 halberd!
An orc comes into view. It is wielding a +0 flail.
The orc warrior barely misses you.
You hit the orc warrior but do no damage.
The orc warrior is severely wounded.
You block the orc warrior's attack.
You barely miss the orc warrior.
The orc warrior is severely wounded.
An orc priest comes into view. It is wielding a +0 flail.
The orc priest casts a cantrip, but nothing happens.
The orc hits you but does no damage.
The orc warrior hits you with a +0 halberd!
The orc priest calls down the wrath of Beogh upon you.
Beogh smites you! The orc hits you but does no damage.
The orc warrior barely misses you. The orc priest closely misses you.
You closely miss the orc priest.
The orc priest hits you but does no damage.
You block the orc warrior's attack.
You closely miss the orc priest. You block the orc priest's attack.
The orc hits you but does no damage.
The orc warrior hits you from afar with a +0 halberd.
You block the orc priest's attack.
You hit the orc priest but do no damage.
The orc warrior hits you from afar with a +0 halberd!
* * * LOW HITPOINT WARNING * * *
The orc hits you but does no damage.
The orc priest hits you but does no damage.
You block the orc warrior's attack. You block the orc's attack.
You closely miss the orc priest. The orc priest closely misses you.
The orc barely misses you.
The orc warrior hits you from afar with a +0 halberd!
* * * LOW HITPOINT WARNING * * *
You feel better. You block the orc priest's attack.
The orc hits you with a +0 flail.
* * * LOW HITPOINT WARNING * * *
The orc warrior hits you from afar with a +0 halberd!
You die...

##### #...## #....
... #.# ####o####
#..@.o..# #...o....#
#..##.#..# ##+## #..
#.#..# ##...## #.
#.#..# ##.....#
#..##.#..# ##.).....
#........####)[......
..........†'........
####....####........


You could see an orc warrior, an orc priest and an orc.

Vanquished Creatures
  Maggie (D:6)
  Grinder (D:6)
  A steam dragon (D:6)
  Menkaure (D:4)
  Pargi (Sewer)
  An orc warrior (D:7)
  An ogre (D:4)
  A phantom (D:5)
  2 brain worms (Sewer)
  A bullfrog (D:6)
  A gnoll sergeant (D:6)
  3 scorpions
  A howler monkey (D:7)
  A jelly (D:5)
  3 orc priests
  2 gnoll boudas (D:6)
  A sleepcap (D:6)
  Terence (D:2)
  Natasha (thrice) (D:3)
  4 iguanas
  17 gnolls
  10 adders
  A shadow imp (D:6)
  5 dart slugs
  15 orcs
  5 ball pythons
  9 endoplasms
  6 giant cockroaches
  4 goblins
  5 hobgoblins
  4 jackals
  13 kobolds
  6 quokkas
  6 bats
  4 frilled lizards
  2 rats
143 creatures vanquished.

Vanquished Creatures (others)
  A rat (D:2)
1 creature vanquished.

Grand Total: 144 creatures vanquished

Notes
Turn   | Place    | Note
-------+----------+-------------------------------------------
     0 | D:1      | Dorkslayer the Demigod Fighter began the quest for the Orb.
     0 | D:1      | Reached XP level 1. HP: 18/18 MP: 3/3
   230 | D:1      | Reached XP level 2. HP: 20/25 MP: 4/4
   730 | D:1      | Reached skill level 1 in Dodging
  1068 | D:2      | Noticed Terence
  1086 | D:2      | Killed Terence
  1087 | D:2      | Reached XP level 3. HP: 11/30 MP: 5/5
  1610 | D:3      | Reached XP level 4. HP: 38/38 MP: 6/6
  1907 | D:3      | Noticed Natasha
  1920 | D:3      | Killed Natasha
  1996 | D:3      | Noticed Natasha
  2030 | D:3      | Killed Natasha
  2031 | D:3      | Reached XP level 5. HP: 40/45 MP: 7/7
  2156 | D:3      | Identified the +2 spear of Zehojaoc {heavy, Fly Int+3}
  2341 | D:3      | Noticed Natasha
  2352 | D:3      | Killed Natasha
  2540 | D:4      | Found a glowing drain.
  2545 | Sewer    | Entered a sewer
  2598 | Sewer    | Noticed Pargi
  2607 | Sewer    | Killed Pargi
  2608 | Sewer    | Reached skill level 1 in Polearms
  2608 | Sewer    | Reached XP level 6. HP: 40/51 MP: 8/8
  2625 | Sewer    | Reached skill level 2 in Polearms
  2794 | D:4      | Noticed Menkaure
  2802 | D:4      | Killed Menkaure
  2803 | D:4      | Reached skill level 3 in Polearms
  3200 | D:4      | Reached XP level 7. HP: 57/57 MP: 9/9
  3714 | D:5      | Entered Level 5 of the Dungeon
  3760 | D:5      | Reached skill level 1 in Throwing
  3877 | D:5      | Found a staircase to the Ecumenical Temple.
  4161 | D:5      | Reached skill level 4 in Polearms
  4700 | D:6      | Noticed Maggie
  4714 | D:6      | Killed Maggie
  4715 | D:6      | Reached skill level 5 in Polearms
  4715 | D:6      | Reached XP level 8. HP: 35/66 MP: 10/10
  5076 | D:6      | Reached skill level 6 in Polearms
  5178 | D:6      | Noticed Grinder
  5184 | D:6      | Paralysed by Grinder for 4 turns
  5192 | D:6      | Killed Grinder
  5656 | D:7      | HP: 2/66 [orc warrior/+0 halberd (13)]
  5657 | D:7      | Mangled by an orc warrior

Illustrated notes

Levels and vault maps discovered:
D:1:      evilmike_arrival_rings, layout_basic
D:2:      layout_rooms, basic_altar, uniq_terence
D:3:      layout_loops_ring, serial_bayou, serial_bayou_crossing,
          serial_bayou_shore_a, serial_bayou_lagoon_a, serial_bayou_pond_e,
          serial_bayou_ford_a, grunt_ministairs_15, supply_closet_lemuel,
          uniq_natasha
D:4:      layout_basic, mainiacjoe_sewer_entry_somewhere_in_here_1,
          uniq_menkaure
D:5:      layout_loops_cross, grunt_temple_overflow_diamond, okawaru_gym_becter,
          minmay_temple_entry_mist
D:6:      layout_basic, kennysheep_small_spiral, uniq_maggie, uniq_grinder
D:7:      layout_loops_corners, serial_demonic, serial_demonic_b,
          serial_demonic_g, serial_demonic_g, serial_demonic_d,
          nicolae_shop_national_dungeon_mall, grunt_decor_one_mirror

Skill      XL: |  1  2  3  4  5  6  7  8 |
---------------+-------------------------+-----
Unarmed Combat | 2 3 4 |  4.9
Armour         | 3 4 |  4.7
Dodging        | 1 2 3 4 |  4.3
Shields        | 3 |  3.9
Fighting       | 3 4 |  4.2
Polearms       | 1 3 5 6 |  6.5
Throwing       | 1 |  1.3
Stealth        | |  0.5
Evocations     | |  0.4
Shapeshifting  | |  0.2

Action                     |  1- 3 |  4- 6 |  7- 9 || total
---------------------------+-------+-------+-------++-------
  Melee: Unarmed           |   198 |    84 |       ||   282
         Spear             |       |    95 |   259 ||   354
  Throw: Javelin           |       |       |    14 ||    14
         Boomerang         |       |       |     4 ||     4
    Use: Scroll            |     4 |     4 |     5 ||    13
         Potion            |     1 |     1 |     2 ||     4
 Armour: Scale mail        |   113 |   115 |   142 ||   370
         Plate armour      |       |       |    16 ||    16
  Dodge: Dodged            |    97 |    84 |   127 ||   308
  Block: Buckler           |    43 |    60 |    68 ||   171

Table legend: (Time is in decaauts)
 A = Elapsed time spent in this place.
 B = Non-inter-level travel time spent in this place.
 C = Inter-level travel time spent in this place.
 D = Time resting spent in this place.
 E = Time spent auto-exploring this place.
 F = Levels seen in this place.
 G = Mean time per level.
                   A        B        C        D        E       F      G
               +--------+--------+--------+--------+--------+-----+--------+
         Total |   5809 |   5809 |      0 |      0 |   3378 |   8 |  726.1 |
       Dungeon |   5658 |   5658 |      0 |      0 |   3378 |   7 |  808.3 |
         Sewer |    151 |    151 |      0 |      0 |      0 |   1 |  151.0 |
               +--------+--------+--------+--------+--------+-----+--------+

Top non-repeatable levels by time:
     D:4: 1233 daAuts
     D:1: 1063 daAuts
     D:6: 922 daAuts
     D:5: 867 daAuts
     D:3: 859 daAuts
     D:2: 526 daAuts
     D:7: 185 daAuts
   Sewer: 151 daAuts
